 Dungeon Crawl Stone Soup version 0.31.0-9-g3a7656b989 (webtiles) character file.

Game seed: 8119165632716384069

53 qw the Shooter (level 3, -6/20 HPs)
             Began as a Deep Elf Hunter on Feb 2, 2024.
             Mangled by a gnoll
             ... wielding a +0 club
              (7 damage)
             ... on level 2 of the Dungeon.
             The game lasted 00:00:04 (961 turns).

qw the Shooter (Deep Elf Hunter)                     Turns: 961, Time: 00:00:04

Health: -6/20      AC:  4    Str: 10    XL:     3   Next: 62%
Magic:  5/5        EV: 12    Int: 13    God:
Gold:   58         SH:  0    Dex: 18    Spells: 2/2 levels left

rFire   . . .        a - +1 shortbow
rCold   . . .        (shield currently unavailable)
rNeg    + . .        c - +0 leather armour
rPois   .            (no helmet)
rElec   .            (no cloak)
rCorr   .            j - +0 pair of gloves
SInv    .            (no boots)
Will    .....        (no amulet)
Stlth   ++           d - ring of positive energy
HPRegen 0.23/turn    (no ring)
MPRegen 0.09/turn

%: no passive effects
@: lethally poisoned (-6 -> -10), about to teleport
A: no striking features
a: no special abilities


You were on level 2 of the Dungeon.
You visited 1 branch of the dungeon, and saw 2 of its levels.

You collected 58 gold pieces.


   Skills:
 - Level 1.5 Fighting
 + Level 7.1 Ranged Weapons
 - Level 2.4 Dodging
 - Level 1.2 Stealth


You had 2 spell levels left.
You didn't know any spells.
Your spell library was empty.

Inventory:

Hand Weapons
 a - a +1 shortbow (weapon)
Armour
 b - the +2 leather armour "Keuc Dejovue" {rN+ Dex+3 Stlth-}
   (You found it on level 2 of the Dungeon)

   Dex+3:     It affects your dexterity (+3).
   rN+:       It protects you from negative energy.
   Stlth-:    It makes you less stealthy.
 c - a +0 leather armour (worn)
 e - a scarf of resistance
 j - a +0 pair of gloves (worn)
Jewellery
 d - a ring of positive energy (left hand)
Scrolls
 h - a scroll of teleportation
Potions
 f - a potion of heal wounds {unknown}

Dungeon Overview and Level Annotations

Branches:
Dungeon (2/15)

Altars:


Message History

The quokka misses you.
You shoot an arrow. The arrow hits the quokka.
You kill the quokka!
You shoot an arrow.
The arrow hits the adder but does no damage.
The adder closely misses you. x2
You shoot an arrow. The arrow barely misses the adder.
The arrow hits the giant cockroach!
You kill the giant cockroach!
The adder bites you.
You are poisoned.
The adder poisons you!
You shoot an arrow. The arrow hits the adder.
The adder is heavily wounded.
You feel sick. The adder closely misses you. The adder completely misses you.
You shoot an arrow. The arrow barely misses the adder.
The arrow hits the hobgoblin.
The hobgoblin is almost dead.
You feel sick. The adder barely misses you.
You shoot an arrow. The arrow barely misses the adder.
The arrow hits the hobgoblin.
You kill the hobgoblin!
You feel sick. The adder bites you.
You are more poisoned.
The adder poisons you!
You shoot an arrow. The arrow hits the adder.
The adder is almost dead.
You feel sick. The adder closely misses you. The adder bites you.
959 ||| READING 2 scrolls of teleportation.
As you read the scroll of teleportation, it crumbles to dust.
You feel strangely unstable.
You feel sick. The adder closely misses you.
You shoot an arrow. The arrow hits the adder!
You kill the adder!
You feel sick.
Your Ranged Weapons skill increases to level 7!
You shoot an arrow. The arrow hits the gnoll.
The gnoll is lightly wounded.
You feel sick. The gnoll hits you with a +0 club!
You die...

....# #.....# #.## ....#
###'### ...$ #.## #...# ..)##
#.## ###.# ...$ #.## #.# ...
..#####.## #.# ..##
#.......## #.## ...
..######.. ########..###g#
#....... #...........@.#
#.##...# #...........#.#
#.#..... #...........#...
#.......
#...........#.#..#####.....##
#...........#.#..............
#...........#.# #......#.####
#...........#.# .>..........
#...........#.# #######.####
#.#


You could see a gnoll.

Vanquished Creatures
  An adder (D:2)
  A dart slug (D:1)
  A ribbon worm (D:2)
  3 endoplasms
  3 giant cockroaches
  4 goblins
  5 hobgoblins
  2 kobolds (D:1)
  5 quokkas
  A ball python (D:2)
  2 bats
  2 frilled lizards
  6 rats
36 creatures vanquished.

Notes
Turn   | Place    | Note
-------+----------+-------------------------------------------
     0 | D:1      | qw the Deep Elf Hunter began the quest for the Orb.
     0 | D:1      | Reached XP level 1. HP: 12/12 MP: 3/3
     0 | D:1      | 0 ||| qw: Version: 0.3-a-155-g5e7d8dd
     0 | D:1      | 0 ||| qw: Game counter: 767
     0 | D:1      | 0 ||| qw: Melee chars always use a shield: true
     0 | D:1      | 0 ||| qw: God list: Okawaru
     0 | D:1      | 0 ||| qw: Allow faded altars: false
     0 | D:1      | 0 ||| qw: Do Orc after clearing Dungeon:15 true
     0 | D:1      | 0 ||| qw: Do second Lair branch before Depths: true
     0 | D:1      | 0 ||| qw: Lair rune preference: random
     0 | D:1      | 0 ||| qw: Goals: Normal
     0 | D:1      | 0 ||| PLANNING D:1-11
    94 | D:1      | Reached skill level 6 in Ranged Weapons
    94 | D:1      | Reached XP level 2. HP: 16/16 MP: 4/4
   601 | D:1      | 601 ||| UPGRADING to +0 pair of gloves.
   606 | D:1      | 606 ||| UPGRADING to ring of positive energy.
   607 | D:1      | 607 ||| READING scroll labelled QEOPSU BIAZOV.
   608 | D:1      | 608 ||| READING scroll labelled CIHUTU YSUID.
   608 | D:1      | 608 ||| ENCHANTING +0 shortbow.
   609 | D:1      | 609 ||| READING scroll labelled LUOCHE TUWONIL.
   609 | D:1      | 609 ||| IDENTIFYING inky potion
   610 | D:1      | 610 ||| READING 3 scrolls labelled SEMMEM LIS.
   614 | D:1      | 614 ||| READING scroll labelled MEECUBB ZOWYF.
   615 | D:1      | 615 ||| DROPPING scroll of butterflies.
   616 | D:1      | 616 ||| DROPPING potion of lignification.
   652 | D:2      | Reached XP level 3. HP: 20/20 MP: 5/5
   696 | D:2      | Identified the +2 leather armour "Keuc Dejovue" {rN+ Dex+3
                  | Stlth-}
   958 | D:2      | HP: 5/20 [adder (4)]
   959 | D:2      | 959 ||| READING 2 scrolls of teleportation.
   960 | D:2      | HP: 1/20 [poisoned by an adder]
   961 | D:2      | Reached skill level 7 in Ranged Weapons
   961 | D:2      | Mangled by a gnoll

Levels and vault maps discovered:
D:1:      enne_arrival_octagon_isle, layout_basic
D:2:      layout_basic, minmay_misc_feat_room, minmay_tall_x

Skill      XL: |  1  2  3 |
---------------+----------+-----
Ranged Weapons | 6 7 |  7.1
Fighting       | |  1.5
Dodging        | |  2.4
Stealth        | |  1.2

Action                     || total
---------------------------++-------
   Fire: Shortbow          ||   106
    Use: Scroll            ||     6
 Armour: Leather armour    ||    15
  Dodge: Dodged            ||    35

Table legend:
 A = Non-vault XP
 B = Vault XP
 C = Vault XP percentage of total XP
 D = Non-vault monster count
 E = Vault monster count
 F = Vault count percentage of total count
                 A         B        C        D         E       F
            +---------+---------+-------+---------+---------+-------
      Total |      71 |       5 |   6.6 |      33 |       3 |   8.3
            +---------+---------+-------+---------+---------+-------
        D:1 |      38 |       0 |   0.0 |      21 |       0 |   0.0
        D:2 |      33 |       5 |  13.2 |      12 |       3 |  20.0
            +---------+---------+-------+---------+---------+-------
